Map: [ESL] Dragon Scales

Players

Serral - Winner!

  • Race: Zerg Zerg
  • League: Diamond
  • Spawn Location: 5:00

Kelazhur

  • Race: Terran Terran
  • Spawn Location: 11:00

Event: ESL SC2 Masters 2023 Summer (Finals)

VOD

Have the link to the VOD?

Description

Time

  • Played on: June 16, 2023, 10:28 a.m.
  • Length: 8:30

All games in this series

Show
View Real Time Build Order
Export as new Build Order

Serral Zerg - Winner!

Build Orders: Hatch First 

Get SALT Encoding   

  12  0:00  Drone  
  13  0:08  Drone  
  14  0:14  Extractor, Drone  
  15  0:36  Hatchery  
  15  0:42  Extractor, Drone  
  15  0:47  Overlord  
  15  1:02  Spawning Pool  
  14  1:05  Drone  
  14  1:09  Drone  
  16  1:12  Drone  
  16  1:16  Drone  
  18  1:26  Extractor, Drone  
  18  1:37  Drone  
  19  1:48  Queen x2  
  19  1:49  Zergling x2  
  19  1:50  Drone  
  25  1:59  Drone  
  25  2:00  Overlord  
  26  2:09  Drone  
  26  2:10  Drone  
  28  2:20  Drone  
  28  2:21  Drone  
  30  2:26  Extractor  
  30  2:29  Queen x2  
  33  2:32  Drone  
  33  2:35  Overlord  
  35  2:41  Drone  
  36  2:44  Overlord  
  36  2:57  Drone x2  
  36  2:58  Drone x3  
  41  3:00  Drone, Spore Crawler  
  41  3:04  Drone x3  
  45  3:11  Lair  
  45  3:14  Drone  
  46  3:20  Roach Warren  
  46  3:22  Drone  
  46  3:25  Extractor  
  46  3:26  Drone  
  46  3:29  Drone x2  
  46  3:33  Drone  
  49  3:40  Hatchery  
  48  3:44  Pneumatized Carapace  
  48  3:46  Overlord  
  48  3:49  Overlord  
  48  3:51  Overlord  
  48  4:02  Roach x2  
  52  4:06  Roach  
  52  4:07  Roach  
  56  4:12  Roach x3  
  56  4:16  Overlord  
  62  4:17  Roach  
  62  4:21  Roach  
  66  4:27  Drone x2  
  66  4:28  Drone x2  
  66  4:31  Drone x2  
  72  4:33  Drone  
  73  4:39  Drone  
  73  4:42  Drone  
  73  4:44  Queen  
  79  4:48  Drone x2  
  79  4:50  Drone  
  79  4:52  Drone x2  
  84  4:57  Drone  
  85  5:01  Spore Crawler x2  
  85  5:02  Queen  
  85  5:05  Drone x2  
  84  5:10  Drone  
  83  5:14  Drone x2  
  83  5:22  Drone  
  83  5:23  Drone  
  83  5:25  Drone x4  
  88  5:32  Queen x2  
  88  5:34  Extractor x2, Overlord x2, Evolution Chamber  
  87  5:38  Evolution Chamber  
  87  5:40  Drone  
  83  5:43  Drone  
  83  5:46  Drone x2  
  83  5:47  Extractor x2  
  76  5:55  Drone  
  76  5:56  Drone  
  78  5:58  Drone  
  78  6:02  Zerg Missile Weapons Level 1  
  77  6:04  Zerg Ground Armor Level 1  
  77  6:06  Drone  
  77  6:07  Drone x5  
  77  6:08  Drone x2  
  77  6:09  Drone  
  86  6:17  Drone  
  86  6:18  Drone x3  
  90  6:22  Hatchery  
  89  6:29  Glial Reconstitution  
  89  6:30  Overlord  
  89  6:32  Roach x4  
  97  6:42  Overlord x5  
  97  6:50  Roach x4  
  104  7:04  Roach x7  
  118  7:09  Roach x3  
  118  7:13  Roach  
  126  7:17  Overlord x2  
  126  7:19  Roach x2  
  130  7:26  Roach  
  130  7:27  Roach  
  134  7:35  Roach x8  
  150  7:44  Roach x4  
  156  7:53  Roach x3  
  156  7:57  Ravager  
  156  7:58  Ravager x4  
  167  7:59  Overlord x2  
  167  8:00  Overlord x2  
  167  8:09  Overlord  
  167  8:11  Overlord  
Show
View Real Time Build Order
Export as new Build Order

Kelazhur Terran 

Build Orders: Reaper Expand 

Get SALT Encoding   

  12  0:00  SCV  
  13  0:12  SCV  
  14  0:17  Supply Depot  
  14  0:24  SCV  
  15  0:38  SCV  
  15  0:39  Barracks  
  16  0:42  Refinery  
  16  0:50  SCV  
  17  1:02  SCV  
  18  1:14  SCV  
  19  1:26  Orbital Command, Reaper  
  20  1:38  Command Center  
  20  1:46  Supply Depot  
  20  1:52  SCV  
  21  1:58  Marine  
  22  2:03  Factory  
  22  2:05  SCV  
  23  2:17  SCV  
  23  2:20  Barracks Reactor  
  24  2:29  SCV  
  25  2:34  Command Center  
  25  2:41  SCV  
  26  2:54  Orbital Command  
  26  2:55  SCV  
  27  3:04  Marine  
  27  3:05  Starport  
  28  3:06  Marine  
  28  3:08  SCV  
  28  3:09  Factory Tech Lab  
  30  3:18  Refinery  
  30  3:20  SCV  
  30  3:21  SCV  
  30  3:24  Bunker  
  32  3:28  Marine x2  
  32  3:32  SCV  
  35  3:35  SCV  
  36  3:44  SCV  
  36  3:46  Orbital Command  
  36  3:48  Banshee  
  40  3:50  Marine x2  
  40  3:52  SCV  
  43  3:56  SCV  
  43  4:02  Factory Tech Lab  
  44  4:04  SCV  
  44  4:06  Supply Depot  
  44  4:08  SCV  
  46  4:12  SCV  
  46  4:16  SCV  
  47  4:18  Supply Depot  
  47  4:20  SCV  
  47  4:22  Barracks  
  47  4:23  Barracks  
  48  4:24  SCV  
  48  4:26  Marine, Factory Reactor  
  48  4:28  SCV  
  51  4:32  SCV  
  51  4:37  SCV  
  53  4:40  SCV  
  53  4:44  SCV  
  55  4:45  Refinery  
  55  4:47  Refinery  
  55  4:48  Starport Reactor  
  55  4:49  SCV  
  55  4:51  Marauder  
  55  4:52  SCV  
  59  4:56  SCV  
  60  5:01  SCV  
  60  5:02  Engineering Bay x2  
  60  5:04  SCV, Supply Depot  
  62  5:09  Marine  
  62  5:12  Marine  
  63  5:18  Marine x2  
  62  5:26  SCV  
  62  5:27  Marine  
  47  5:30  Marine  
  47  5:32  SCV  
  47  5:34  SCV  
  38  5:36  Marine x2  
  38  5:38  SCV  
  32  5:44  SCV  
  32  5:45  Marine  
  32  5:46  SCV  
  32  5:47  Marine  
  27  5:51  SCV  
  27  5:54  Marine x2  
  27  5:56  SCV  
  27  5:58  SCV  
  27  6:03  SCV  
  29  6:08  SCV  
  29  6:10  SCV  
  31  6:11  Marine  
  31  6:12  Marine  
  31  6:13  Medivac x2  
  31  6:15  SCV, Barracks Tech Lab  
  31  6:17  Marine x2  
  39  6:20  SCV  
  39  6:21  Terran Infantry Weapons Level 1, Terran Infantry Armor Level 1  
  39  6:22  SCV  
  41  6:27  SCV  
  41  6:28  Siege Tank  
  41  6:29  Marine  
  41  6:31  Marine  
  41  6:32  SCV  
  48  6:34  SCV  
  48  6:39  SCV  
  50  6:40  Stimpack  
  50  6:44  Marine x2, SCV  
  50  6:46  SCV  
  54  6:51  SCV, Marine  
  54  6:52  Marine  
  57  6:57  SCV  
  57  7:00  SCV  
  57  7:01  Marine, Siege Tank  
  62  7:03  SCV  
  62  7:05  Marine  
  62  7:06  Marine  
  66  7:10  Marine x2  
  66  7:14  SCV  
  69  7:18  SCV  
  69  7:19  SCV  
  69  7:22  Marine  
  71  7:23  Marine  
  71  7:26  SCV  
  73  7:30  SCV, Armory  
  73  7:31  SCV  
  75  7:38  SCV, Siege Tank  
  75  7:40  Medivac  
  75  7:42  SCV  
  82  7:48  Marine x2  
  83  7:53  SCV, Marine  
  83  7:57  Supply Depot  
  85  8:02  Supply Depot  
Tags
 
Add a new tag
Caveats
  • Supply blocks, unpowered buildings, or Contaminate may cause inaccurate times.
  • Supply counts are checked every 10 seconds.